 Dungeon Crawl Stone Soup version 0.23-a0-38-g6d804a8 (webtiles) character file.

49 mopl the Changer (level 3, 0/17 HPs)
             Began as a Spriggan Transmuter on Aug 6, 2018.
             Slain by an adder (1 damage)
             ... on level 3 of the Dungeon.
             The game lasted 00:03:12 (1780 turns).

mopl the Changer (Spriggan Transmuter)              Turns: 1780, Time: 00:03:14

Health: 0/17       AC:  2    Str:  7    XL:     3   Next: 53%
Magic:  8/8        EV: 18    Int: 14    God:
Gold:   82         SH:  0    Dex: 16    Spells: 2/8 levels left

rFire    . . .     SeeInvis +   g - +0 long sword (slice)
rCold    . . .     Gourm    .   (shield restricted)
rNeg     . . .     Faith    .   b - +0 robe
rPois    .         Spirit   .   (helmet restricted)
rElec    .         Reflect  .   (no cloak)
rCorr    .         Harm     .   (gloves unavailable)
MR       .....                  (boots unavailable)
Stlth    +.........             (no amulet)
HPRegen  0.05/turn              (no ring)
MPRegen  0.11/turn              (no ring)

@: lethally poisoned (0 -> -4), appendage (expiring), very quick
A: very small, unfitting armour, talons 3, see invisible, herbivore, speed 3,
slow metabolism 2
a: End Transformation


You were on level 3 of the Dungeon.
You were not hungry.
You had grown temporary talons.
You visited 1 branch of the dungeon, and saw 3 of its levels.

You collected 82 gold pieces.

Inventory:

Hand Weapons
 e - a +0 short sword
 g - a +0 long sword of slicing (weapon)
Missiles
 a - 31 arrows
Armour
 b - a +0 robe (worn)
Scrolls
 c - a scroll of blinking {unknown}
 f - a scroll of identify {unknown}
 h - a scroll of remove curse {unknown}
 k - 2 scrolls of amnesia {unknown}
Potions
 i - 2 potions of curing {unknown}
 j - a potion of heal wounds {unknown}
 l - a potion of flight {unknown}
 m - a potion of haste {unknown}
 n - a potion of might {unknown}
 o - a potion of degeneration {unknown}
 p - a potion of agility {unknown}
Comestibles
 d - 5 rations


   Skills:
 - Level 0.7 Fighting
 - Level 3.0 Dodging
 * Level 3.1 Unarmed Combat
 + Level 3.3 Spellcasting
 + Level 3.4 Transmutations
 + Level 0.4 Poison Magic


You had 2 spell levels left.
You knew the following spells:

 Your Spells              Type           Power        Failure   Level  Hunger
a - Beastly Appendage     Tmut           ##....       4%          1    #......
b - Spider Form           Tmut/Pois      #.........   28%         3    ###....
w - Sticks to Snakes      Tmut           ##......     8%          2    ##.....

Your spell library contained the following spells:

 Spells                   Type           Power        Failure   Level  Hunger
 Confuse                  Hex            #.......     52%         3    ###....
 Tukima's Dance           Hex            #.......     52%         3    ###....
 Blade Hands              Tmut           ##........   80%         5    ######.
 Ice Form                 Ice/Tmut       #.......     71%         4    #####..
 Ensorcelled Hibernation  Hex/Ice        #.....       30%         2    ##.....
 Corona                   Hex            #......      21%         1    #......
 Dazzling Spray           Conj/Hex       #.....       52%         3    ###....


Dungeon Overview and Level Annotations

Branches:
Dungeon (3/15)

Altars:


Innate Abilities, Weirdness & Mutations

You are very small and have problems with some larger weapons.
You are too small for most types of armour.
You have supernaturally acute eyesight. (SInv)
You are a herbivore.
You cover ground extremely quickly.
You need to consume almost no food.
You have claws for feet.


Message History

The adder is almost dead.
You feel sick. The adder bites you. x2
You are too injured to fight recklessly!
You are too injured to fight recklessly!
You completely miss the adder.
The adder is almost dead.
You feel sick. The adder misses you. The adder completely misses you.
You riposte.
You hit the adder but do no damage.
The adder is severely wounded.
You barely miss the adder.
The adder is severely wounded.
The adder bites you.
* * * LOW HITPOINT WARNING * * *
You closely miss the adder. Your kick misses the adder.
The adder is severely wounded.
* * * LOW HITPOINT WARNING * * *
You feel sick. The adder bites you.
* * * LOW HITPOINT WARNING * * *
The adder bites you.
You die...

### #.. #.#
#########
#.#..#.......#
#.#..#.#####.#
#S#..#.# #.#
#@#..#.# #.#
#.#..#.# #.#
#.#..#.# #.#
#.#..#.# #.#
#.#<...# #.#
#.##########.#
#............#
##############


You could see an adder.

Vanquished Creatures
  An adder (D:2)
  A leopard gecko (D:1)
  3 orcs (D:2)
  3 bats
  2 giant cockroaches
  4 hobgoblins
  6 jackals (D:1)
  A ball python (D:2)
  A frilled lizard (D:1)
  4 goblins
  4 kobolds (D:1)
  3 rats
33 creatures vanquished.

Notes
Turn   | Place    | Note
-------+----------+-------------------------------------------
     0 | D:1      | mopl the Spriggan Transmuter began the quest for the Orb.
     0 | D:1      | Reached XP level 1. HP: 9/9 MP: 5/5
   423 | D:1      | Reached skill level 3 in Transmutations
   423 | D:1      | Reached XP level 2. HP: 12/14 MP: 6/6
   427 | D:1      | Learned a level 2 spell: Sticks to Snakes
   437 | D:1      | Reached skill level 3 in Spellcasting
  1232 | D:2      | Reached skill level 3 in Unarmed Combat
  1281 | D:2      | Reached XP level 3. HP: 8/17 MP: 8/8
  1331 | D:2      | Learned a level 3 spell: Spider Form
  1780 | D:3      | Slain by an adder

Vault maps used:
D:1:      dpeg_arrival_rhombus, nrook_loot_triangle

Skill      XL: |  1  2 |
---------------+-------+-----
Transmutations | 3 |  3.4
Spellcasting   | 3 |  3.3
Unarmed Combat | 3 |  3.1
Fighting       | |  0.7
Dodging        | |  3.0
Poison Magic   | |  0.4

Action                   || total
-------------------------++-------
Melee: Short sword       ||    18
       Long sword        ||    66
       Unarmed           ||     6
       Kick              ||     6
       Headbutt          ||     4
       Punch             ||     1
 Cast: Beastly Appendage ||    15
Armor: Robe              ||     7
Dodge: Dodged            ||    96
       Rpst.: Long sword ||    24

Table legend:
 A = Spawn XP
 B = Non-spawn XP
 C = Spawn XP percentage of total XP
 D = Spawn monster count
 E = Non-spawn monster count
 F = Spawn count percentage of total count
 G = Total turns spent on level
                    A         B        C        D         E        F      G
               +---------+---------+-------+---------+---------+-------+---------
         Total |       0 |      71 |   0.0 |       0 |      33 |   0.0 |  1780
               +---------+---------+-------+---------+---------+-------+---------
           D:1 |       0 |      34 |   0.0 |       0 |      20 |   0.0 |  1160
           D:2 |       0 |      35 |   0.0 |       0 |      12 |   0.0 |   571
           D:3 |       0 |       2 |   0.0 |       0 |       1 |   0.0 |    49
               +---------+---------+-------+---------+---------+-------+---------
